AoeStats
← 許瑞德

Nomad

510101438Analyzed
2v2 RM · 3d ago on Sep 29, 2026· 79m 56s· 4 players
Game mode
Random Map
Map size
176×176
Population
200
Speed
Normal
Resources
Standard
Victory
Conquest
Starting age
Dark Age
Ending age
Imperial Age
RankedLock teamsTeams togetherTeam positionsShared explorationLock speedFull tech treeHidden civsTurbo modeCheats
Victory
Defeat
🇹🇼 Slavs · Taiwan
904
+14
🇹🇼 Vietnamese · Taiwan
886
+15
🇭🇰 Wu · Hong Kong SAR China
874
-15
🇨🇳 Shu · China
859
-14
ctgu_lishengfei
4:02 Loom
13:35 Feudal Age
14:25 Double-Bit Axe
15:49 Fishing Lines
16:39 Padded Archer Armor
16:30 Fletching
26:04 Castle Age
27:54 Husbandry
28:29 Gillnets
30:16 Wheelbarrow
32:42 Gold Mining
37:02 Hand Cart
41:54 Treadmill Crane
44:48 Imperial Age
43:11 Ballistics
44:30 Coiled Serpent Array
45:22 Bow Saw
45:50 Gold Shaft Mining
45:13 Bodkin Arrow
46:48 Conscription
47:41 Bolt Magazine
49:28 Leather Archer Armor
49:13 Bracer
49:19 Scale Barding Armor
49:25 Forging
49:29 Scale Mail Armor
51:34 Chain Mail Armor
52:04 Ring Archer Armor
51:37 Heavy Hei Guang Cavalry
52:43 Chain Barding Armor
55:47 Plate Mail Armor
56:25 Plate Barding Armor
56:21 Plate Mail Armor
60:57 Light Cavalry
67:35 Hoardings
67:52 Elite Skirmisher
74:53 Capped Ram
77:27 Siege Ram
79:42 Thumb Ring
732436706
16:08 Feudal Age
15:05 Loom
16:40 Double-Bit Axe
16:55 Fishing Lines
18:08 Arson
17:51 Man-at-Arms
20:38 Wheelbarrow
26:11 Castle Age
27:29 Gillnets
27:01 Long Swordsman
27:41 Squires
27:44 Crossbowman
28:49 Pikeman
30:14 Bow Saw
32:00 Hand Cart
32:03 Gold Mining
32:04 Stone Mining
32:34 Medium Warships
33:54 Red Cliffs Tactics
33:54 Treadmill Crane
34:35 Ballistics
41:01 Imperial Age
39:05 Padded Archer Armor
38:55 Fletching
40:29 Leather Archer Armor
41:16 Bodkin Arrow
42:08 Gold Shaft Mining
42:35 Conscription
41:46 Halberdier
44:18 Two-Man Saw
51:27 Chemistry
51:23 Stone Shaft Mining
53:04 Clinker Construction
59:29 Elite Fire Archer
71:36 Scale Barding Armor
72:50 Husbandry
72:11 Light Cavalry
74:06 Bloodlines
73:16 Hussar
79:37 Heavy Hei Guang Cavalry
許瑞德
4:17 Loom
14:37 Feudal Age
17:17 Wheelbarrow
22:33 Padded Archer Armor
22:26 Fletching
27:00 Castle Age
25:40 Padded Archer Armor
30:00 Bodkin Arrow
31:43 Double-Bit Axe
35:09 Thumb Ring
37:02 Horse Collar
38:30 Hand Cart
40:36 Elite Skirmisher
46:07 Imperial Age
45:48 Leather Archer Armor
47:02 Heavy Plow
46:26 Imperial Skirmisher
48:02 Ring Archer Armor
47:47 Gold Mining
47:47 Stone Mining
47:46 Town Watch
52:37 Chemistry
52:19 Bracer
53:21 Crop Rotation
53:14 Bow Saw
55:00 Paper Money
55:47 Pikeman
58:25 Scale Mail Armor
58:36 Forging
59:19 Squires
58:40 Halberdier
66:46 Elite Rattan Archer
73:16 Chain Mail Armor
73:37 Iron Casting
Heisenberg
12:10 Loom
14:14 Feudal Age
18:31 Bloodlines
25:33 Castle Age
23:53 Fletching
26:10 Forging
26:46 Wheelbarrow
28:07 Stone Mining
31:22 Bodkin Arrow
31:40 Scale Barding Armor
31:52 Detinets
32:02 Town Watch
33:20 Iron Casting
32:47 Husbandry
41:01 Imperial Age
42:07 Conscription
42:56 Bodkin Arrow
44:00 Ballistics
57:22 Chemistry
61:48 Squires
70:56 Horse Collar
Connection lost

Rejoining the realm…

Still unreachable

The connection could not be restored.

Session expired

The server has moved on; the page needs a fresh start.